 Dungeon Crawl Stone Soup version 0.27.0-1-g7a089689b8 (webtiles) character file.

Game seed: 4037628693043009851

49 Sin92 the Skirmisher (level 3, -1/29 HPs)
             Began as a Demonspawn Fighter on Aug 3, 2021.
             Slain by Robin (4 damage)
             ... on level 2 of the Dungeon.
             The game lasted 00:01:33 (1954 turns).

Sin92 the Skirmisher (Demonspawn Fighter)           Turns: 1954, Time: 00:01:34

Health: -1/29      AC:  6    Str: 17    XL:     3   Next: 51%
Magic:  3/3        EV:  8    Int:  9    God:
Gold:   57         SH:  9    Dex: 12    Spells: 2/2 levels left

rFire    . . .     SeeInvis .   a - +0 war axe
rCold    . . .     Faith    .   c - +0 kite shield
rNeg     . . .     Spirit   .   b - +0 scale mail
rPois    .         Reflect  .   (no helmet)
rElec    .         Harm     .   (no cloak)
rCorr    .         Rampage  .   (no gloves)
Will     .....                  (no boots)
Stlth    ..........             (no amulet)
HPRegen  0.09/turn              (no ring)
MPRegen  0.08/turn              (no ring)

@: lethally poisoned (-1 -> -14)
A: sturdy frame 1
a: no special abilities


You were on level 2 of the Dungeon.
You visited 1 branch of the dungeon, and saw 2 of its levels.

You collected 57 gold pieces.

Inventory:

Hand Weapons
 a - a +0 war axe (weapon)
Armour
 b - a +0 scale mail (worn)
 c - a +0 kite shield (worn)
Scrolls
 e - a scroll of enchant armour {unknown}
 f - a scroll of blinking {unknown}
 i - a scroll of identify {unknown}
Potions
 d - 2 potions of might
 g - a potion of attraction {unknown}
 j - a potion of mutation {unknown}


   Skills:
 + Level 3.2 Fighting
 * Level 2.4 Axes
 + Level 3.0 Armour
 + Level 1.0 Dodging
 + Level 2.9 Shields


You had 2 spell levels left.
You didn't know any spells.
Your spell library was empty.

Dungeon Overview and Level Annotations

Branches:
Dungeon (2/15)

Altars:

Annotations:
D:2 Robin


Innate Abilities, Weirdness & Mutations

Your movements are slightly less encumbered by armour. (ER -2)


Message History

You block the goblin's attack. The hobgoblin hits you.
You block the goblin's attack. The hobgoblin barely misses you.
The hobgoblin hits you. The goblin hits you with a +0 club.
Unknown command.
You closely miss the hobgoblin.
The hobgoblin is severely wounded.
You closely miss the hobgoblin. You hit the goblin.
You kill the goblin!
You closely miss the goblin.
Your shield prevents you from hitting the goblin.
You hit the hobgoblin. You block the hobgoblin's attack.
Robin hits you from afar with a +2 spear of venom.
You are lethally poisoned!
The goblin barely misses you.
The hobgoblin hits you but does no damage. x2
The goblin hits you with a +0 club.
The hobgoblin hits you but does no damage.
Robin throws the goblin at you!
The goblin hits you but does no damage. x2
You block the hobgoblin's attack. The hobgoblin barely misses you.
The goblin hits you with a +0 club.
* * * LOW HITPOINT WARNING * * *
You are too injured to fight recklessly!
Unknown command.
You are too injured to fight recklessly!
Unknown command.
You are too injured to fight recklessly!
Unknown command.
You are too injured to fight recklessly!
Unknown command.
You are too injured to fight recklessly!
Unknown command.
You are too injured to fight recklessly!
As you read the scroll labelled MAYNWA PEWYO, it crumbles to dust.
The creatures around you are filled with an inner flame!
It was a scroll of immolation.
* * * LOW HITPOINT WARNING * * *
You feel very sick. You block the hobgoblin's attack.
Robin hits you from afar with a +2 spear of venom.
You die...

#.........<.
#..........
#.........##.
#............
##.........######. ..
#.....g..........#..##
#...ggg..........#..#.
#..gg@g..........#..#.
#..)gg................
#................##.#.
##...?...#.......##...
##.....###>...).###..
##PP.PP##........#...
#.P$$$P.......†.)..#.
#.P$$)P...........##.
#.P$$$P...........##.


You could see Robin (inner flame), 4 hobgoblins and 4 goblins.

Vanquished Creatures
  2 dart slugs
  5 ball pythons
  5 endoplasms
  2 hobgoblins (D:1)
  2 quokkas
  2 bats (D:1)
  3 frilled lizards
  6 goblins
  9 kobolds
  9 rats (D:1)
  2 bushes (D:1)
47 creatures vanquished.

Vanquished Creatures (others)
  14 plants (D:1)
  2 toadstools (D:2)
16 creatures vanquished.

Grand Total: 63 creatures vanquished

Notes
Turn   | Place    | Note
-------+----------+-------------------------------------------
     0 | D:1      | Sin92 the Demonspawn Fighter began the quest for the Orb.
     0 | D:1      | Reached XP level 1. HP: 18/18 MP: 1/1
   356 | D:1      | Gained mutation: Your movements are slightly less
                  | encumbered by armour. (ER -2) [demonic ancestry]
   356 | D:1      | Reached XP level 2. HP: 24/24 MP: 2/2
   737 | D:1      | Found a faded altar of an unknown god.
  1269 | D:1      | Reached XP level 3. HP: 26/29 MP: 3/3
  1328 | D:1      | Reached skill level 1 in Dodging
  1948 | D:2      | Noticed Robin
  1954 | D:2      | Slain by Robin

Illustrated notes

Levels and vault maps discovered:
D:1:      dpeg_arrival_ratfight, layout_loops_ring, basic_ecumenical_altar,
          lexackson_kobold_supper
D:2:      layout_rooms, minmay_gold_behind_fungi, minmay_box_of_dots, uniq_robin

Skill      XL: |  1  2  3 |
---------------+----------+-----
Axes           | 2 |  2.4
Dodging        | 1 |  1.0
Armour         | 3 |  3.0
Fighting       | |  3.2
Shields        | |  2.9

Action                   || total
-------------------------++-------
Melee: War axe           ||   221
  Use: Scroll            ||     1
Armor: Scale mail        ||    79
Dodge: Dodged            ||    56
Block: Kite shield       ||    82
